 Dungeon Crawl Stone Soup version 0.29-a0-11-ga75d3d97ab (webtiles) character file.

Game seed: 10250530755589238555

700 Zonian the Ducker (level 7, -2/45 HPs)
             Began as a Djinni Ice Elementalist on Jan 29, 2022.
             Killed by divine providence
             ... invoked by an orc priest
              (11 damage)
             ... on level 6 of the Dungeon.
             The game lasted 00:10:15 (6173 turns).

Zonian the Ducker (Djinni Ice Elementalist)         Turns: 6173, Time: 00:10:16

Health: -2/45      AC:  8    Str: 13    XL:     7   Next: 98%
Gold:   200        EV: 14    Int: 19    God:
                   SH:  0    Dex: 13

rFire   + + .      SeeInvis .   x - +2 short sword (venom)
rCold   x . .      Faith    .   (no shield)
rNeg    . . .      Spirit   .   a - +0 robe
rPois   ∞          Reflect  .   q - +1 helmet
rElec   .          Harm     .   p - scarf {shadows}
rCorr   .          Rampage  .   (no gloves)
Will    .....                   (boots unavailable)
Stlth   +++.......              (no amulet)
HPRegen 0.15/turn               l - +6 ring of strength
MPRegen 0.00/turn               v - +4 ring of protection

@: flying
A: sickness immunity, fire resistance 2, cold vulnerability 1, float, innate
caster, hp casting, extra vitality 1
a: no special abilities


You were on level 6 of the Dungeon.
You visited 1 branch of the dungeon, and saw 5 of its levels.

You collected 200 gold pieces.

Inventory:

Hand Weapons
 d - a +2 spear of venom
 h - a +0 short sword
 i - a +0 war axe
 n - a +0 hunting sling
 r - a +0 dagger
 s - a +2 dagger of draining
 x - a +2 short sword of venom (weapon)
Missiles
 g - 4 javelins
Armour
 a - a +0 robe (worn)
 p - a scarf of shadows (worn)
 q - a +1 helmet (worn)
Jewellery
 l - a +6 ring of strength (left hand)
 v - a +4 ring of protection (right hand)
 w - a +4 ring of protection
Wands
 j - a wand of digging (4)
Scrolls
 b - a scroll of teleportation
 e - a scroll of magic mapping
 f - a scroll of immolation
Potions
 c - 3 potions of haste
 k - a potion of brilliance {unknown}
 m - a potion of attraction {unknown}
 o - 3 potions of heal wounds
 t - 2 potions of curing
 u - a potion of resistance {unknown}


   Skills:
 + Level 1.0 Short Blades
 - Level 1.4 Polearms
 + Level 5.2 Dodging
 + Level 4.2 Stealth
 + Level 4.7 Spellcasting


You couldn't memorise any spells.
You knew the following spells:

 Your Spells              Type           Power      Damage    Failure   Level
a - Freeze                Ice            88%        1d10      1%          1
b - Frozen Ramparts       Ice            44%        1d6       5%          3
c - Ozocubu's Armour      Ice            22%        N/A       5%          3
d - Hailstorm             Conj/Ice       22%        3d7       19%         4
e - Magic Dart            Conj           88%        1d7       1%          1
f - Corpse Rot            Necr/Air       44%        N/A       2%          2
g - Wereblood             Tmut           22%        N/A       2%          2
Your spell library was empty.

Dungeon Overview and Level Annotations

Branches:
Dungeon (4/15)
 Temple: D:4-7

Altars:
Vehumet

Shops:
D:1 =   D:4 *[=

Annotations:
D:3 1 runed translucent door, Crazy Yiuf
D:4 exclusion: statue


Innate Abilities, Weirdness & Mutations

You are immune to sickness and miasma.
You are immune to poison.
Your flesh is very heat resistant. (rF++)
You are vulnerable to cold. (rC-)
You float through the air rather than walking.
You learn spells naturally, not from books.
Your magical power is your life essence.
You have superior vitality. (+4 MHP)


Message History

The black bear is lightly wounded.
The black bear barely misses you.
The black bear claws you but does no damage.
The black bear misses you.
Unknown command.
You hit the orc.
The orc is poisoned.
The orc is moderately wounded.
The orc hits you with a +0 war axe.
You hit the orc.
The orc looks as sick as possible!
The orc is almost dead.
You kill the orc!
You hit the black bear.
The black bear looks even sicker.
The black bear is heavily wounded.
The black bear closely misses you. The black bear barely misses you.
The black bear claws you but does no damage.
You puncture the black bear!
The black bear looks as sick as possible!
The black bear is severely wounded.
The black bear goes berserk!
You closely miss the black bear.
The black bear is severely wounded.
The black bear bites you but does no damage.
The black bear claws you but does no damage. x2
An orc priest comes into view. It is wielding a +0 trident.
The black bear bites you! The black bear closely misses you.
The black bear claws you.
Unknown command.
The black bear barely misses you. The black bear closely misses you.
The black bear claws you but does no damage.
You hear a shout!
Unknown command.
You kill the black bear!
Your Short Blades skill increases to level 1!
Unknown command.
The orc priest mumbles some strange prayers to Beogh against you.
Beogh smites you!
* * * LOW HITPOINT WARNING * * *
The orc priest mumbles some strange prayers to Beogh against you.
Beogh smites you!
You die...

... ##......#......##..###.##.
..# ####...[..###....####o##..###
..###.....##..# ##...# #..#..# #
.........###.## #..## ##....###
.........##..# ##.# ##......#
........###..######o#####..####..
........##................## ##.
#..####....###........o..## #.
#..# ###..# ##.@.##..#..# ##.
#..# #..# #...##..#..# ##.# ##.#
##.## #<.###..#..# #..# #.##
#..###..# ##....## ##..# ##.#
#......### #..#..###.... #.##
##.#####..####.#..#..####
#..####.## ##..###.#.....#
##.###...# ##.......##..#### #.##
##### ##.#########.....


You could see an orc priest and an orc.

Vanquished Creatures
  A black bear (D:6)
  5 scorpions
  A water moccasin skeleton (D:6)
  A hound (D:6)
  Jessica (D:3)
  An orc wizard (D:4)
  A hound skeleton (D:4)
  A howler monkey zombie (D:6)
  Robin (D:2)
  4 adders
  An adder skeleton (D:4)
  A worm (D:2)
  19 orcs
  6 endoplasms
  3 giant cockroaches
  7 hobgoblins
  5 jackals
  6 kobolds
  3 quokkas
  8 ball pythons
  8 bats
  2 frilled lizards
  11 goblins
  6 rats
103 creatures vanquished.

Notes
Turn   | Place    | Note
-------+----------+-------------------------------------------
     0 | D:1      | Zonian the Djinni Ice Elementalist began the quest for the
                  | Orb.
     0 | D:1      | Reached XP level 1. HP: 15/15 MP: 0/0
   223 | D:1      | Reached XP level 2. HP: 7/21 MP: 0/0
   775 | D:1      | Found Emnem's Jewellery Boutique.
   950 | D:1      | Reached XP level 3. HP: 25/25 MP: 0/0
   950 | D:1      | Learned a level 1 spell: Magic Dart
  1822 | D:2      | Found a faded altar of an unknown god.
  1917 | D:2      | Reached skill level 3 in Dodging
  2091 | D:2      | Noticed Robin
  2425 | D:2      | Reached XP level 4. HP: 20/31 MP: 0/0
  2732 | D:2      | Killed Robin
  3689 | D:3      | Found a runed translucent door.
  3690 | D:3      | Noticed Crazy Yiuf
  3737 | D:3      | Reached XP level 5. HP: 20/35 MP: 0/0
  3737 | D:3      | Learned a level 2 spell: Corpse Rot
  4177 | D:3      | Noticed Jessica
  4182 | D:3      | Killed Jessica
  4869 | D:4      | Noticed a charred statue
  4893 | D:4      | Reached skill level 4 in Dodging
  4893 | D:4      | Reached XP level 6. HP: 38/40 MP: 0/0
  5431 | D:4      | Found Cyclakho's Jewellery Shop.
  5471 | D:4      | Found Cyreutuo's Armour Shoppe.
  5484 | D:4      | Found Sobelamyt's General Store.
  5529 | D:4      | You are sucked into a shaft and drop 2 floors!
  5588 | D:6      | Reached XP level 7. HP: 44/45 MP: 0/0
  5588 | D:6      | Learned a level 2 spell: Wereblood
  5610 | D:6      | Reached skill level 1 in Polearms
  5719 | D:6      | Noticed a cyclops
  5789 | D:6      | Reached skill level 5 in Dodging
  6142 | D:6      | Reached skill level 1 in Short Blades
  6173 | D:6      | Killed from afar by an orc priest

Illustrated notes

Levels and vault maps discovered:
D:1:      minmay_arrival_semitransparent, layout_basic, serial_shops, shop,
          hangedman_abyss_or_decor_lesser_grid
D:2:      layout_basic, shapermc_ecumenical_altar_notcrosses, uniq_robin
D:3:      layout_basic, minmay_fractal_squares_5, uniq_crazy_yiuf_cottage,
          uniq_jessica
D:4:      layout_cave_pools, old_standard_altar, vehumet_statue, serial_shops,
          shop, nicolae_diamond_shop, nicolae_shop_overgrown_old_shop, shop,
          grunt_ministairs_2
D:6:      layout_layer_cave, nicolae_overflow_hidden_temple,
          minmay_misc_feat_tower, chequers_avenue, uniq_duvessa

Skill      XL: |  1  2  3  4  5  6  7 |
---------------+----------------------+-----
Stealth        | 2 3 4 |  4.2
Dodging        | 3 4 5 |  5.2
Spellcasting   | 4 |  4.7
Polearms       | 1 |  1.4
Short Blades   | 1 |  1.0

Action                   |  1- 3 |  4- 6 |  7- 9 || total
-------------------------+-------+-------+-------++-------
Melee: Spear             |    86 |   163 |    32 ||   281
       Unarmed           |     2 |       |       ||     2
       Punch             |       |     1 |       ||     1
       Short sword       |       |       |    11 ||    11
 Cast: Freeze            |    11 |    10 |       ||    21
  Use: Potion            |     1 |       |       ||     1
       Scroll            |       |     7 |       ||     7
 Stab: Sleeping          |     3 |     4 |     1 ||     8
       Distracted        |       |     1 |     1 ||     2
Armor: Robe              |    15 |    34 |    17 ||    66
Dodge: Dodged            |    53 |   117 |    23 ||   193

Table legend: (Time is in decaauts)
 A = Elapsed time spent in this place.
 B = Non-inter-level travel time spent in this place.
 C = Inter-level travel time spent in this place.
 D = Time resting spent in this place.
 E = Time spent auto-exploring this place.
 F = Levels seen in this place.
 G = Mean time per level.
                   A        B        C        D        E       F      G
               +--------+--------+--------+--------+--------+-----+--------+
         Total |   6201 |   6056 |    145 |   2737 |   2181 |   5 | 1240.2 |
       Dungeon |   6201 |   6056 |    145 |   2737 |   2181 |   5 | 1240.2 |
               +--------+--------+--------+--------+--------+-----+--------+

Top non-repeatable levels by time:
     D:1: 2208 daAuts
     D:3: 1574 daAuts
     D:2: 1048 daAuts
     D:4: 723 daAuts
     D:6: 646 daAuts
